 Dungeon Crawl Stone Soup version 0.20-a0-710-g71b569a (webtiles) character file.

211 polly the Slasher (level 5, 0/40 HPs)
             Began as a Demonspawn Gladiator on Feb 22, 2017.
             Slain by an ogre
             ... wielding a +0 giant club
              (12 damage)
             ... on level 4 of the Dungeon.
             The game lasted 00:03:22 (2870 turns).

polly the Slasher (Demonspawn Gladiator)            Turns: 2870, Time: 00:03:22

Health: 0/40       AC: 15    Str: 16    XL:     5   Next: 57%
Magic:  5/5        EV: 10    Int:  9    God:
Gold:   213        SH:  0    Dex: 14    Spells: 4/4 levels left

rFire    . . .     SeeInvis .   a - +0 long sword
rCold    . . .     Gourm    .   t - +4 chain mail
rNeg     . . .     Faith    .   (no shield)
rPois    .         Spirit   .   c - +0 helmet
rElec    .         Reflect  .   (no cloak)
rCorr    .         Harm     .   n - +1 pair of gloves {archery}
MR       +....                  (no boots)
Stlth    ..........             (no amulet)
Regen    0.2/turn               (no ring)
MPRegen  0.1/turn               q - ring of protection from magic

@: no status effects
A: repulsion field 1, nightstalker 2
a: no special abilities


You were on level 4 of the Dungeon.
You were hungry.

You visited 1 branch of the dungeon, and saw 4 of its levels.

You collected 213 gold pieces.

Inventory:

Hand Weapons
 a - a +0 long sword (weapon)
Armour
 c - a +0 helmet (worn)
 n - a +1 pair of gloves of archery (worn)
 t - a +4 chain mail (worn)
Jewellery
 b - a cursed ring of loudness {unknown}
 q - a ring of protection from magic (left hand)
 s - an uncursed ring of wizardry {unknown}
 A - an uncursed ring of positive energy {unknown}
Wands
 B - a wand of flame (35/48)
Scrolls
 e - a scroll of enchant armour {unknown}
 i - a scroll of random uselessness {unknown}
 j - a scroll of magic mapping {unknown}
 k - 5 scrolls of identify {unknown}
 m - a scroll of remove curse {unknown}
 o - 3 scrolls of amnesia {unknown}
 p - 3 scrolls of blinking {unknown}
 r - a scroll of fog {unknown}
 x - 2 scrolls of teleportation {unknown}
 y - a scroll of immolation {unknown}
Potions
 g - a potion of magic {unknown}
 h - 3 potions of curing {unknown}
 u - a potion of agility {unknown}
 v - a potion of invisibility {unknown}
 w - a potion of berserk rage {unknown}
Comestibles
 f - 2 bread rations
 l - 4 fruits
 z - a meat ration


   Skills:
 + Level 2.9 Fighting
 + Level 4.5 Long Blades
 + Level 1.9 Throwing
 + Level 1.6 Armour
 + Level 3.2 Dodging
 + Level 0.2 Stealth


You had 4 spell levels left.
You didn't know any spells.

Dungeon Overview and Level Annotations

Branches:
Dungeon (4/15)
 Temple: D:4-7

Altars:
Nemelex Xobeh


Innate Abilities, Weirdness & Mutations

You are surrounded by a mild repulsion field. (EV +2)
You are significantly more attuned to the shadows.


Message History

Aim: an ogre, wielding a giant club (lightly wounded)
You throw a throwing net. The throwing net hits the ogre.
The ogre is caught in the net!
The ogre is lightly wounded.
The ogre struggles against the net.
You hit the ogre.
The ogre is moderately wounded.
The ogre struggles against the net.
You slash the ogre!
The ogre is severely wounded.
The ogre struggles against the net. x2
You catch the helpless ogre completely off-guard!
You hit the ogre.
The ogre is severely wounded.
The ogre struggles against the net.
The net rips apart, and the ogre comes free!
You completely miss the ogre.
The ogre is severely wounded.
The ogre hits you with a giant club!
You die...

#.......####.#
#.####
#.#####.#
#.....
........####.#
######
##..........# #
.###....#.##..#
# .............
# ###..###.##.#
.###..###.# #
....!@..###
.####O### #.#
... ... ..(..


You could see an ogre.

Vanquished Creatures
  Natasha (thrice) (D:3)
  5 adders
  A worm (D:2)
  A dart slug (D:1)
  3 leopard geckos
  7 orcs
  5 ball pythons
  7 bats
  3 giant cockroaches
  8 goblins
  4 hobgoblins
  11 jackals
  6 kobolds
  4 frilled lizards
  8 rats
76 creatures vanquished.

Notes
Turn   | Place    | Note
-------+----------+-------------------------------------------
     0 | D:1      | polly the Demonspawn Gladiator began the quest for the Orb.
     0 | D:1      | Reached XP level 1. HP: 16/16 MP: 1/1
   522 | D:1      | Gained mutation: You are surrounded by a mild repulsion field. (EV +2) [demonic ancestry]
   522 | D:1      | Reached XP level 2. HP: 22/22 MP: 2/2
   709 | D:1      | Reached skill level 3 in Long Blades
   999 | D:2      | Reached skill level 1 in Armour
   999 | D:2      | Gained mutation: You are slightly more attuned to the shadows. [demonic ancestry]
   999 | D:2      | Reached XP level 3. HP: 22/27 MP: 3/3
  1426 | D:2      | Reached XP level 4. HP: 34/34 MP: 4/4
  2049 | D:3      | Found a sparkling altar of Nemelex Xobeh.
  2089 | D:3      | Noticed Natasha
  2098 | D:3      | Killed Natasha
  2141 | D:3      | Noticed Natasha
  2156 | D:3      | Killed Natasha
  2156 | D:3      | Reached skill level 4 in Long Blades
  2156 | D:3      | Gained mutation: You are significantly more attuned to the shadows. [demonic ancestry]
  2156 | D:3      | Reached XP level 5. HP: 23/40 MP: 5/5
  2199 | D:3      | Noticed Natasha
  2205 | D:3      | Killed Natasha
  2860 | D:4      | Noticed an ogre
  2870 | D:4      | Slain by an ogre

Vault maps used:
D:1:      sevenhm_arrival_forest_fort_small_3
D:2:      grunt_ministairs_13
D:3:      old_standard_altar, first_bread, uniq_natasha
D:4:      grunt_qazlal_clouds

Skill      XL: |  1  2  3  4 |
---------------+-------------+-----
Long Blades    | 3 4 |  4.5
Armour         | 1 |  1.6
Dodging        | 3 |  3.2
Fighting       | |  2.9
Throwing       | |  1.9
Stealth        | |  0.2

Action                   |  1- 3 |  4- 6 || total
-------------------------+-------+-------++-------
Melee: Long sword        |   130 |   106 ||   236
Throw: Throwing net      |       |     3 ||     3
 Stab: Sleeping          |     2 |       ||     2
       Distracted        |     1 |       ||     1
       Held in net/web   |       |     1 ||     1
  Eat: Chunk             |     2 |     4 ||     6
Armor: Leather armour    |    48 |       ||    48
       Chain mail        |    21 |    76 ||    97
Dodge: Dodged            |   125 |    65 ||   190
       Rpst.: Long sword |    39 |    24 ||    63
